 Dungeon Crawl Stone Soup version 0.26-a0-1040-gbe3abf3417 (webtiles) character file.

Game seed: 11444914104664624911

53 jqueasy the Shield-Bearer (level 3, -6/24 HPs)
             Began as a Gargoyle Fighter on Dec 12, 2020.
             Mangled by Sigmund
             ... wielding a +1 vorpal scythe
              (11 damage)
             ... on level 2 of the Dungeon.
             The game lasted 00:15:57 (956 turns).

jqueasy the Shield-Bearer (Gargoyle Fighter)         Turns: 956, Time: 00:15:58

Health: -6/24      AC: 11    Str: 20    XL:     3   Next: 89%
Magic:  3/3        EV:  7    Int:  8    God:
Gold:   63         SH:  9    Dex:  9    Spells: 2/2 levels left

rFire    + . .     SeeInvis .   k - +2 dagger (protect)
rCold    x . .     Faith    .   c - +0 kite shield
rNeg     + . .     Spirit   .   b - +0 scale mail
rPois    ∞         Reflect  .   (no helmet)
rElec    +         Harm     .   (no cloak)
rCorr    .         Rampage  .   j - +0 pair of gloves
Will     .....                  (no boots)
Stlth    ..........             (no amulet)
HPRegen  0.08/turn              p - ring of fire
MPRegen  0.08/turn              (no ring)

@: mighty
A: negative energy resistance 1, electricity resistance, unbreathing,
petrification resistance, rot immunity, AC +3
a: no special abilities


You were on level 2 of the Dungeon.
You visited 1 branch of the dungeon, and saw 2 of its levels.

You collected 63 gold pieces.

Inventory:

Hand Weapons
 a - a +0 flail
 k - a +2 dagger of protection (weapon)
 o - a +0 mace
Missiles
 f - 22 bolts
Armour
 b - a +0 scale mail (worn)
 c - a +0 kite shield (worn)
 e - a +0 chain mail
 j - a +0 pair of gloves (worn)
Jewellery
 p - a ring of fire (left hand)
 r - an uncursed amulet of reflection {unknown}
Scrolls
 g - a scroll of teleportation
 i - a scroll of identify
 l - 2 scrolls of remove curse
Potions
 h - a potion of flight {unknown}
 m - a potion of attraction {unknown}
 n - a potion of mutation {unknown}
 q - a potion of heal wounds {unknown}


   Skills:
 + Level 3.8 Fighting
 + Level 0.4 Short Blades
 + Level 2.1 Maces & Flails
 + Level 3.7 Armour
 + Level 0.7 Dodging
 + Level 3.9 Shields


You had 2 spell levels left.
You didn't know any spells.
Your spell library was empty.

Dungeon Overview and Level Annotations

Branches:
Dungeon (2/15)

Altars:
Okawaru

Annotations:
D:2 Sigmund


Innate Abilities, Weirdness & Mutations

You are resistant to torment.
Your stone body is resilient. (AC +3)
You are immune to poison.
You resist negative energy. (rN+)
You are resistant to electric shocks. (rElec)
You can survive without breathing.
You are immune to petrification.
You are immune to rotting.


Message History

Okay, then.
You feel more attuned to fire.
p - a ring of fire (left hand)
A puff of flame appears from out of thin air!
You block the puff of flame.
You feel very mighty all of a sudden. Something hits you!
You closely miss something. You puncture something!
Your weapon exudes an aura of protection.
You hear some strange, mumbled words.
A puff of flame appears from out of thin air!
The puff of flame hits you. You resist.
You puncture something! Something hits you.
* * * LOW HITPOINT WARNING * * *
x2 You closely miss something.
Something hits you but does no damage.
You closely miss something. You miss something.
Something hits you but does no damage.
You closely miss something. Something hits you!
You die...

#.###.#....... ...
#.#....... ###.#
#.#....... .. #.##.##..#
#. #..#.###.#
.##.###.#.# #.#
..........# #.#
...##########.##...###.#
.....g{@................
..###########.#.........
#.#.........
#...........
###......... #.........
#......... #.........
#.........


You could see a hobgoblin.

Vanquished Creatures
  2 adders (D:2)
  2 leopard geckos
  3 ball pythons
  2 giant cockroaches (D:1)
  5 hobgoblins
  3 kobolds
  4 bats
  3 frilled lizards
  2 goblins
  7 rats
33 creatures vanquished.

Notes
Turn   | Place    | Note
-------+----------+-------------------------------------------
     0 | D:1      | jqueasy the Gargoyle Fighter began the quest for the Orb.
     0 | D:1      | Reached XP level 1. HP: 14/14 MP: 1/1
   259 | D:1      | Reached XP level 2. HP: 17/19 MP: 2/2
   674 | D:2      | Reached XP level 3. HP: 24/24 MP: 3/3
   697 | D:2      | Found an iron altar of Okawaru.
   944 | D:2      | Noticed Sigmund
   956 | D:2      | Mangled by Sigmund

Illustrated notes

Levels and vault maps discovered:
D:1:      lightli_arrival_farm, layout_rooms
D:2:      layout_rooms, okawaru_metal_pillars_3, uniq_sigmund

Action                   || total
-------------------------++-------
Melee: Flail             ||    41
       Dagger            ||   105
  Use: Scroll            ||     8
       Potion            ||     1
Armor: Scale mail        ||    71
Dodge: Dodged            ||    51
Block: Kite shield       ||    68

Table legend: (Time is in decaauts)
 A = Elapsed time spent in this place.
 B = Non-inter-level travel time spent in this place.
 C = Inter-level travel time spent in this place.
 D = Time resting spent in this place.
 E = Time spent auto-exploring this place.
 F = Levels seen in this place.
 G = Mean time per level.
                   A        B        C        D        E       F      G
               +--------+--------+--------+--------+--------+-----+--------+
         Total |   1016 |   1006 |     10 |      0 |    220 |   2 |  508.0 |
       Dungeon |   1016 |   1006 |     10 |      0 |    220 |   2 |  508.0 |
               +--------+--------+--------+--------+--------+-----+--------+

Top non-repeatable levels by time:
     D:1: 673 daAuts
     D:2: 343 daAuts
